 Dungeon Crawl Stone Soup version 0.22.1-6-g1668fe2 (webtiles) character file.

140 Flooderbenga the Chopper (level 5, 0/49 HPs)
             Began as a Deep Dwarf Fighter on Jan 30, 2019.
             Was an Initiate of Makhleb.
             Splashed by Ijyb's acid (10 damage)
             ... on level 3 of the Dungeon.
             The game lasted 00:02:38 (1384 turns).

Flooderbenga the Chopper (Deep Dwarf Fighter)       Turns: 1384, Time: 00:02:39

Health: 0/49       AC:  2    Str: 20    XL:     5   Next: 2%
Magic:  5/5        EV:  7    Int:  9    God:    Makhleb [......]
Gold:   52         SH:  9    Dex: 12    Spells: 4/4 levels left

rFire    . . .     SeeInvis .   a - +0 war axe
rCold    . . .     Gourm    .   c - +0 shield
rNeg     . . .     Faith    .   b - +0 scale mail
rPois    .         Spirit   .   (no helmet)
rElec    .         Reflect  .   (no cloak)
rCorr    .         Harm     .   (no gloves)
MR       .....                  (no boots)
Stlth    ..........             (no amulet)
HPRegen  0.00/turn              (no ring)
MPRegen  0.09/turn              (no ring)

@: lethally poisoned (0 -> 0), corroded, non-regenerating
A: damage resistance, heal wounds, sense surroundings 1, no regeneration
a: Heal Wounds, Renounce Religion


You were on level 3 of the Dungeon.
You worshipped Makhleb.
Makhleb was noncommittal.
You were not hungry.

You visited 1 branch of the dungeon, and saw 3 of its levels.

You collected 52 gold pieces.

Inventory:

Hand Weapons
 a - a +0 war axe (weapon)
 n - a +1 spear of pain
 r - a +0 blowgun
Missiles
 h - 55 poisoned needles
 j - 72 stones (quivered)
 k - 18 sling bullets
 l - 25 arrows
 p - 7 tomahawks
Armour
 b - a +0 scale mail (worn)
 c - a +0 shield (worn)
Scrolls
 e - 2 scrolls of remove curse {unknown}
 i - a scroll of enchant weapon {unknown}
 m - 4 scrolls of identify {unknown}
Potions
 d - a potion of might {@q4}
 o - a potion of heal wounds {unknown}
 q - a potion of flight {unknown}
Comestibles
 f - 3 rations
 g - 7 chunks of flesh


   Skills:
 + Level 3.6 Fighting
 * Level 4.3 Axes
 - Level 3.6 Armour
 - Level 3.6 Shields


You had 4 spell levels left.
You didn't know any spells.
Your spell library was empty.

Dungeon Overview and Level Annotations

Branches:
Dungeon (3/15)

Altars:
Makhleb

Annotations:
D:3 Ijyb


Innate Abilities, Weirdness & Mutations

You are resistant to damage.
You can heal yourself by infusing magical energy.
You passively map a small area around you.
You do not regenerate.


Message History

You hit the hobgoblin. You block the hobgoblin's attack.
Ijyb zaps a wand.
The bolt of acid hits you!
You are splashed with acid!
The acid burns!
You are too injured to fight recklessly!
You are too injured to fight recklessly!
You take 15 damage, and have 15/49 hp.
MASSIVE DAMAGE!!
You are too injured to fight recklessly!
You are too injured to fight recklessly!
You are too injured to fight recklessly!
You are too injured to fight recklessly!
You are too injured to fight recklessly!
You are too injured to fight recklessly!
You are too injured to fight recklessly!
You are too injured to fight recklessly!
You are too injured to fight recklessly!
You are too injured to fight recklessly!
You feel much better.
Ijyb zaps a wand.
The bolt of acid hits you!
Ouch! That really hurt!
* * * LOW HITPOINT WARNING * * *
You are splashed with acid!
The acid burns!
You die...

#........# ######.......
#....)...# ######..#.....
#....<.g.####......##.....
######.............######......
##.....##........######.........
##.......#...##....####..........
#......รท......##...#......#......
#...............#g...<##.......##
#.........##.##.@g.........#...##
#.........##.#...............####
#..........................###
##.......###..#....>..#....##
#.............#.......##....#####
#..........##..#..###........##..
#..................#####.........
#.........#####..#......#.##.....
#...........####...####.#.#......


You could see Ijyb and a hobgoblin.

Vanquished Creatures
  A hound (D:2)
  5 adders
  2 worms
  2 dart slugs (D:3)
  2 orcs (D:3)
  A bat (D:2)
  A giant cockroach (D:3)
  8 hobgoblins
  11 jackals
  4 kobolds
  A quokka (D:3)
  A ball python (D:1)
  4 frilled lizards
  3 goblins
  7 rats
53 creatures vanquished.

Notes
Turn   | Place    | Note
-------+----------+-------------------------------------------
     0 | D:1      | Flooderbenga the Deep Dwarf Fighter began the quest for the
                  | Orb.
     0 | D:1      | Reached XP level 1. HP: 20/20 MP: 1/1
   257 | D:1      | Reached XP level 2. HP: 27/27 MP: 2/2
   632 | D:2      | Reached XP level 3. HP: 27/34 MP: 3/3
   676 | D:2      | Noticed a phantom
   831 | D:3      | Reached skill level 3 in Axes
   935 | D:3      | Reached XP level 4. HP: 35/42 MP: 4/4
  1138 | D:2      | Found a burning altar of Makhleb.
  1154 | D:2      | Reached skill level 4 in Axes
  1161 | D:2      | Became a worshipper of Makhleb the Destroyer
  1266 | D:3      | Reached XP level 5. HP: 47/49 MP: 5/5
  1374 | D:3      | Noticed Ijyb
  1384 | D:3      | Splashed by Ijyb's acid

Skill      XL: |  1  2  3  4 |
---------------+-------------+-----
Fighting       | 3 |  3.6
Axes           | 3 4 |  4.3
Armour         | |  3.6
Shields        | |  3.6

Action                   |  1- 3 |  4- 6 || total
-------------------------+-------+-------++-------
Melee: War axe           |   119 |    70 ||   189
 Abil: Heal Wounds       |     1 |     2 ||     3
  Eat: Chunk             |       |     2 ||     2
Armor: Scale mail        |    82 |    47 ||   129
Dodge: Dodged            |    38 |    31 ||    69
Block: Shield            |    83 |    45 ||   128
